Map: Eternal Empire LE

Players

Moonlight

  • Race: Protoss Protoss
  • Spawn Location: 7:00

ViBE - Winner!

  • Race: Zerg Zerg
  • League: Gold
  • Spawn Location: 1:00

VOD

Have the link to the VOD?

Description

Time

  • Played on: Dec. 7, 2019, 9:40 p.m.
  • Length: 11:55
Show
View Real Time Build Order
Export as new Build Order

Moonlight Protoss 

Build Orders: Dark Templar Rush 

Get SALT Encoding   

  12  0:01  Probe  
  13  0:13  Probe  
  14  0:20  Pylon  
  14  0:29  Probe  
  14  0:33  Assimilator  
  15  0:41  Probe  
  16  0:46  Gateway  
  16  0:56  Pylon  
  16  1:00  Probe (Chrono Boost)  
  17  1:05  Assimilator  
  17  1:12  Probe (Chrono Boost)  
  18  1:24  Gateway  
  18  1:32  Probe  
  19  1:42  Cybernetics Core  
  19  1:50  Probe (Chrono Boost)  
  20  2:00  Probe (Chrono Boost)  
  21  2:06  Probe  
  22  2:17  Warp Gate (Chrono Boost)  
  22  2:25  Twilight Council  
  22  2:29  Robotics Facility  
  22  2:40  Probe  
  23  2:50  Pylon  
  23  2:56  Stalker  
  23  2:58  Stalker  
  27  3:15  Gateway  
  27  3:16  Gateway  
  27  3:31  Dark Shrine  
  27  3:35  Warp Prism (Chrono Boost)  
  29  3:57  Pylon  
  28  4:25  Nexus  
  28  4:33  Probe  
  29  4:46  Dark Templar  
  29  4:47  Dark Templar x2  
  29  4:48  Dark Templar  
  33  5:31  Charge (Chrono Boost)  
  29  5:44  Robotics Facility  
  29  5:50  Probe (Chrono Boost)  
  31  5:59  Probe (Chrono Boost)  
  31  6:01  Probe (Chrono Boost)  
  31  6:03  Assimilator  
  32  6:06  Probe (Chrono Boost)  
  32  6:07  Probe (Chrono Boost), Assimilator  
  32  6:10  Pylon  
  34  6:15  Probe  
  34  6:17  Probe  
  36  6:24  Zealot  
  36  6:25  Zealot x2  
  40  6:26  Zealot  
  40  6:27  Probe  
  40  6:29  Probe  
  42  6:39  Probe (Chrono Boost)  
  39  6:45  Probe (Chrono Boost)  
  40  6:51  Stalker, Probe (Chrono Boost)  
  40  6:52  Stalker x3  
  49  6:57  Probe (Chrono Boost)  
  50  7:06  Probe  
  51  7:12  Gateway x2  
  51  7:17  Immortal (Chrono Boost)  
  51  7:18  Probe  
  56  7:30  Probe x2  
  58  7:42  Probe x2  
  60  7:54  Probe x2  
  62  8:03  Pylon  
  62  8:05  Pylon  
  62  8:08  Pylon  
  62  8:21  Immortal  
  66  8:36  Zealot  
  66  8:37  Zealot x3  
  66  8:38  Dark Templar, Zealot  
  66  9:03  Warp Prism (Chrono Boost)  
  68  10:04  Warp Prism  
  70  10:12  Nexus  
  70  10:15  Pylon  
  70  10:17  Assimilator  
  70  10:19  Assimilator  
  70  10:33  Nexus  
  70  10:35  Pylon  
  70  10:44  Zealot  
  70  10:45  Zealot x3  
  70  10:46  Zealot x2  
  68  11:19  Assimilator  
  68  11:23  Assimilator  
  68  11:26  Stargate  
  68  11:27  Stargate  
  68  11:29  Stargate  
  68  11:32  Pylon  
  68  11:33  Pylon  
  68  11:45  Dark Templar x2  
  68  11:46  Dark Templar x2  
  68  11:47  Dark Templar  
Show
View Real Time Build Order
Export as new Build Order

ViBE Zerg - Winner!

Build Orders: Hatch First, Roach Hydra 

Get SALT Encoding   

  12  0:01  Drone  
  13  0:12  Overlord  
  13  0:21  Drone  
  14  0:30  Drone x2  
  16  0:50  Hatchery  
  16  0:53  Drone  
  16  0:57  Drone  
  16  1:02  Drone  
  18  1:14  Spawning Pool  
  18  1:18  Drone  
  18  1:22  Drone  
  19  1:28  Drone  
  20  1:38  Extractor  
  20  1:39  Drone  
  20  1:50  Drone  
  21  2:01  Queen  
  21  2:02  Queen  
  21  2:03  Overlord  
  21  2:05  Drone  
  26  2:14  Drone x2  
  28  2:25  Drone, Spine Crawler  
  28  2:26  Drone  
  29  2:36  Drone x2  
  31  2:41  Lair, Queen  
  33  2:52  Drone  
  33  2:53  Overlord  
  34  3:09  Drone x2  
  34  3:10  Overlord  
  36  3:13  Drone x7  
  36  3:19  Roach Warren  
  42  3:26  Extractor x2, Overlord  
  40  3:27  Drone  
  40  3:32  Drone x2  
  43  3:42  Overlord  
  43  3:43  Drone x3  
  46  3:55  Overlord x2  
  46  4:01  Drone x2  
  48  4:07  Roach x2  
  48  4:09  Glial Reconstitution  
  52  4:14  Evolution Chamber  
  52  4:15  Hatchery  
  52  4:16  Drone  
  51  4:19  Roach x2  
  55  4:29  Roach x3  
  55  4:30  Roach  
  63  4:32  Roach  
  67  4:38  Roach  
  67  4:39  Roach  
  67  4:41  Zerg Missile Weapons Level 1  
  67  4:44  Overlord  
  69  4:49  Overseer  
  69  5:11  Drone  
  69  5:12  Drone x8  
  59  5:22  Drone x2  
  59  5:25  Drone  
  59  5:26  Drone x5  
  67  5:35  Drone x2  
  69  5:43  Spore Crawler  
  69  5:46  Spore Crawler, Spine Crawler  
  69  5:49  Drone  
  67  6:08  Drone  
  67  6:09  Drone x11  
  79  6:16  Extractor  
  78  6:31  Drone x6  
  84  6:34  Drone x3  
  84  6:39  Drone  
  90  6:40  Drone x2  
  90  6:41  Spore Crawler  
  90  6:42  Spine Crawler  
  90  6:43  Queen  
  90  6:44  Extractor x2  
  88  6:48  Drone  
  88  6:49  Drone, Overlord  
  90  6:59  Hydralisk Den  
  89  7:02  Overlord x2, Evolution Chamber  
  88  7:09  Drone  
  88  7:10  Drone  
  88  7:13  Overlord  
  88  7:14  Overlord x3  
  90  7:23  Drone x3  
  90  7:25  Drone x3  
  90  7:28  Zerg Missile Weapons Level 2  
  90  7:29  Zerg Ground Armor Level 1  
  96  7:30  Grooved Spines  
  96  7:51  Drone  
  96  7:57  Drone x3  
  96  7:58  Drone x9, Hatchery  
  108  8:03  Overlord  
  108  8:04  Overlord  
  108  8:07  Overseer  
  108  8:17  Drone x3  
  108  8:18  Drone x3  
  114  8:20  Extractor  
  114  8:22  Extractor  
  112  8:34  Hydralisk x5  
  122  8:42  Spore Crawler, Muscular Augments  
  122  8:43  Spine Crawler  
  122  8:46  Drone x2  
  122  8:47  Drone  
  123  8:53  Drone x2  
  123  8:54  Hatchery  
  123  8:57  Drone  
  124  9:08  Overlord x3  
  124  9:09  Hydralisk x8  
  140  9:13  Hydralisk  
  142  9:29  Hydralisk x7  
  156  9:36  Hatchery  
  155  9:40  Overlord x2  
  155  9:41  Hydralisk, Overlord  
  155  9:42  Hydralisk x6  
  169  9:50  Infestation Pit  
  168  10:03  Hydralisk x12  
  168  10:04  Hydralisk  
  194  10:17  Hydralisk  
  194  10:18  Hydralisk x2  
  200  10:32  Spine Crawler  
  200  10:33  Spore Crawler  
  198  10:51  Hydralisk  
  198  11:03  Drone x5  
  200  11:13  Spine Crawler  
  200  11:15  Spine Crawler x3  
  200  11:17  Spine Crawler  
  200  11:18  Spine Crawler, Drone x2  
  195  11:19  Drone  
  195  11:20  Drone x4, Spine Crawler  
  200  11:27  Spine Crawler  
  200  11:29  Spine Crawler  
  198  11:33  Spine Crawler, Drone  
  198  11:34  Drone x2  
  198  11:37  Spine Crawler  
  199  11:40  Spine Crawler  
  199  11:42  Spine Crawler  
  199  11:43  Spine Crawler  
  199  11:44  Spine Crawler  
  199  11:45  Spine Crawler  
Tags
 
Add a new tag
Caveats
  • Supply blocks, unpowered buildings, or Contaminate may cause inaccurate times.
  • Supply counts are checked every 10 seconds.